 Dungeon Crawl Stone Soup version 0.29-a0-451-gfbfa42419e (webtiles) character file.

Game seed: 2969731058341906629

249 quokkamancerX the Sneak (level 5, -3/38 HPs)
             Began as a Draconian Conjurer on May 20, 2022.
             Was a Follower of Zin.
             Killed from afar by an orc wizard (8 damage)
             ... with a puff of flame
             ... on level 3 of the Dungeon.
             The game lasted 00:16:40 (4377 turns).

quokkamancerX the Sneak (Draconian Conjurer)        Turns: 4377, Time: 00:16:41

Health: -3/38      AC:  7    Str:  9    XL:     5   Next: 86%
Magic:  0/11       EV: 12    Int: 21    God:    Zin [*.....]
Gold:   201        SH:  0    Dex:  9    Spells: 9/12 levels left

rFire   . . .      SeeInvis .   (no weapon)
rCold   . . .      Faith    .   (no shield)
rNeg    . . .      Spirit   .   (body armour unavailable)
rPois   .          Reflect  .   (helmet restricted)
rElec   .          Harm     .   (no cloak)
rCorr   .          Rampage  .   n - +1 pair of gloves
Will    .....                   (no boots)
Stlth   ++........              (no amulet)
HPRegen 0.12/turn               (no ring)
MPRegen 0.12/turn               (no ring)

@: no status effects
A: AC +5, unfitting armour, cold-blooded
a: Renounce Religion, Recite, Donate Gold


You were on level 3 of the Dungeon.
You worshipped Zin.
Zin was aware of your devotion.
You visited 1 branch of the dungeon, and saw 3 of its levels.
You also visited: Sewer.

You collected 223 gold pieces.
You donated 22 gold pieces to Zin.

Inventory:

Missiles
 f - 69 stones
Armour
 n - a +1 pair of gloves (worn)
Scrolls
 b - a scroll of amnesia
 e - 2 scrolls of blinking {unknown}
 g - 3 scrolls of teleportation
 i - 2 scrolls of identify
 j - 2 scrolls of immolation
 p - a scroll of magic mapping {unknown}
Potions
 a - 3 potions of magic
 c - 2 potions of haste {unknown}
 d - 4 potions of curing {unknown}
 h - 4 potions of flight
 k - a potion of resistance {unknown}
 l - a potion of ambrosia {unknown}
 m - a potion of mutation {unknown}
 o - a potion of cancellation {unknown}
 q - a potion of heal wounds {unknown}


   Skills:
 - Level 1.7 Dodging
 + Level 4.8 Stealth
 - Level 4.0 Spellcasting
 - Level 4.0 Conjurations


You had 9 spell levels left.
You knew the following spells:

 Your Spells              Type           Power      Damage    Failure   Level
a - Magic Dart            Conj           84%        1d7       2%          1
b - Searing Ray           Conj           42%        2d6       3%          2

Your spell library contained the following spells:

 Spells                   Type           Power      Damage    Failure   Level
 Dazzling Flash           Conj/Hex       24%        N/A       16%         3
 Gell's Gravitas          Tloc           4%         N/A       34%         3
 Lesser Beckoning         Tloc           4%         N/A       34%         3
 Teleport Other           Tloc           4%         N/A       34%         3
 Fulminant Prism          Conj/Hex       6%         3d7       45%         4
 Iskenderun's Mystic Bla  Conj/Tloc      12%        2d5       45%         4
 Irradiate                Conj/Tmut      6%         3d15      82%         5
 Blade Hands              Tmut           2%         N/A       97%         5
 Dragon Form              Tmut           2%         N/A       100%        7


Dungeon Overview and Level Annotations

Branches:
Dungeon (3/15)              Sewer (visited)

Altars:
Kikubaaqudgha
Zin


Innate Abilities, Weirdness & Mutations

Your plain brown scales are hard. (AC +5)
You cannot fit into any form of body armour.
You are cold-blooded and may be slowed by cold attacks.


Message History

The orc priest is heavily wounded. (Press . to maintain the ray.)
The searing ray hits the orc priest.
The orc priest is almost dead.
Something hits you. The orc priest closely misses you.
The searing ray hits the orc priest.
You kill the orc priest!
Something hits you.
You finish channelling your searing ray.
Something hits you.
* * * LOW HITPOINT WARNING * * *
Something hits you.
* * * LOW HITPOINT WARNING * * *
Casting: Searing Ray (safe; 3% risk of failure)
Confirm with . or Enter, or press ? or * to list all spells.
You can't see any susceptible monsters within range! (Use Z to cast anyway.) Unknown command.
Casting: Searing Ray (safe; 3% risk of failure)
Confirm with . or Enter, or press ? or * to list all spells.
Aiming: Searing Ray (safe; 3% risk of failure)
Press: ? - help, Shift-Dir - straight line (Press . to maintain the ray.)
Something barely misses you.
There is a strange disturbance nearby!
There are no items here.
The searing ray hits something.
Something hits you but does no damage.
Without enough magic to sustain it, your searing ray dissipates.
Something hits you.
* * * LOW HITPOINT WARNING * * *
Something hits you.
* * * LOW HITPOINT WARNING * * *
Casting: Searing Ray (safe; 3% risk of failure)
Confirm with . or Enter, or press ? or * to list all spells.
Aiming: Magic Dart (safe; 2% risk of failure)
Press: ? - help, Shift-Dir - straight line The magic dart hits something but does no damage.
You hear some strange, mumbled words.
A puff of flame appears from out of thin air!
The puff of flame hits you!
You die...

###.....###.....#
##.. #☼...§# #..##.#
##... ###.#####..# #
###.... #.##.....#
#....._ #.......>#
#.#.... #####....#
#.##... #..).#
#.###.. ##{†..#
#.####. ##.@...#
#....#. #...#..#
####.#. #≈≈≈#..##.#
#.#. #≈≈≈#####.#
#.#. #≈≈≈# #.# #.#.
#≈≈≈# #.# #.#. #≈.÷#
#.# #.#. #≈≈≈# #.#
#.#.
#≈≈≈#####.#######.#.


There were no monsters in sight!

Vanquished Creatures
  An orc priest (D:3)
  8 adders
  5 river rats (Sewer)
  2 worms
  A dart slug (D:1)
  2 orcs (D:3)
  8 ball pythons
  11 bats
  7 endoplasms
  7 giant cockroaches
  4 goblins
  8 hobgoblins
  5 jackals
  6 kobolds
  6 quokkas
  A frilled lizard (Sewer)
  8 rats (D:1)
90 creatures vanquished.

Notes
Turn   | Place    | Note
-------+----------+-------------------------------------------
     0 | D:1      | quokkamancerX the Draconian Conjurer began the quest for
                  | the Orb.
     0 | D:1      | Reached XP level 1. HP: 14/14 MP: 3/3
   171 | D:1      | Reached XP level 2. HP: 20/20 MP: 2/5
   220 | D:1      | Found a faded altar of an unknown god.
   819 | D:1      | Reached XP level 3. HP: 23/26 MP: 3/7
  1385 | D:2      | Learned a level 2 spell: Searing Ray
  1737 | D:2      | Reached XP level 4. HP: 33/33 MP: 3/10
  2246 | D:3      | Found a glowing silver altar of Zin.
  2292 | D:3      | Found a glowing drain.
  2426 | D:3      | Became a worshipper of Zin the Law-Giver
  2426 | D:3      | Reached * piety under Zin
  2468 | Sewer    | Entered a sewer
  3082 | Sewer    | Reached XP level 5. HP: 33/38 MP: 5/11
  4309 | D:3      | Found an ancient bone altar of Kikubaaqudgha.
  4377 | D:3      | Killed from afar by an orc wizard

Illustrated notes

Levels and vault maps discovered:
D:1:      dpeg_arrival_ratfight, layout_basic, hellmonk_ecumenical_altar_run_dry
D:2:      layout_loops_ring
D:3:      minmay_bubble_buster, layout_basic, lemuel_round_altar,
          nicolae_kikubaaqudgha_miasma_corner, portal_sewer_entry_f,
          serial_shops, nicolae_shop_overgrown_old_shop,
          hellmonk_ghost_happy_afterlife

Skill      XL: |  1  2  3  4  5 |
---------------+----------------+-----
Spellcasting   | 3 4 |  4.0
Stealth        | 2 3 4 |  4.8
Dodging        | |  1.7
Conjurations   | |  4.0

Action                   |  1- 3 |  4- 6 || total
-------------------------+-------+-------++-------
Melee: Short sword       |     6 |       ||     6
       Tailslap          |     1 |     1 ||     2
       Whip              |     2 |       ||     2
       Unarmed           |       |    18 ||    18
 Cast: Magic Dart        |    84 |    89 ||   173
       Searing Ray       |       |    13 ||    13
  Use: Scroll            |       |     3 ||     3
       Potion            |       |     1 ||     1
Armor: Skin              |     2 |    32 ||    34
Dodge: Dodged            |    17 |    75 ||    92

Table legend: (Time is in decaauts)
 A = Elapsed time spent in this place.
 B = Non-inter-level travel time spent in this place.
 C = Inter-level travel time spent in this place.
 D = Time resting spent in this place.
 E = Time spent auto-exploring this place.
 F = Levels seen in this place.
 G = Mean time per level.
                   A        B        C        D        E       F      G
               +--------+--------+--------+--------+--------+-----+--------+
         Total |   4610 |   4521 |     89 |   1623 |   1411 |   4 | 1152.5 |
       Dungeon |   2596 |   2507 |     89 |    692 |   1016 |   3 |  865.3 |
         Sewer |   2013 |   2013 |      0 |    931 |    395 |   1 | 2013.0 |
               +--------+--------+--------+--------+--------+-----+--------+

Top non-repeatable levels by time:
   Sewer: 2013 daAuts
     D:1: 1244 daAuts
     D:2: 969 daAuts
     D:3: 383 daAuts
